 Dungeon Crawl Stone Soup version 0.28.0-53-g5a82cb258f (webtiles) character file.

Game seed: 5472564831502753021

53 Peloso the Skirmisher (level 3, -3/33 HPs)
             Began as a Minotaur Fighter on May 29, 2022.
             Killed by divine providence
             ... invoked by an orc priest
              (13 damage)
             ... on level 3 of the Dungeon.
             The game lasted 00:02:57 (1889 turns).

Peloso the Skirmisher (Minotaur Fighter)            Turns: 1889, Time: 00:02:58

Health: -3/33      AC:  9    Str: 20    XL:     3   Next: 62%
Magic:  2/2        EV:  7    Int:  5    God:
Gold:   43         SH:  4    Dex: 11    Spells: 2/2 levels left

rFire   . . .      SeeInvis .   a - +0 long sword
rCold   . . .      Faith    .   c - +0 buckler
rNeg    . . .      Spirit   .   i - +0 chain mail
rPois   .          Reflect  .   (helmet restricted)
rElec   .          Harm     .   (no cloak)
rCorr   .          Rampage  .   (no gloves)
Will    .....                   (no boots)
Stlth   ..........              (no amulet)
HPRegen 0.11/turn               (no ring)
MPRegen 0.08/turn               (no ring)

@: no status effects
A: horns 2, retaliatory headbutt
a: no special abilities


You were on level 3 of the Dungeon.
You visited 1 branch of the dungeon, and saw 3 of its levels.

You collected 43 gold pieces.

Inventory:

Hand Weapons
 a - a +0 long sword (weapon)
Armour
 b - a +0 scale mail
 c - a +0 buckler (worn)
 i - a +0 chain mail (worn)
Scrolls
 f - a scroll of amnesia {unknown}
 g - a scroll of fear {unknown}
 h - 3 scrolls of teleportation
Potions
 d - 2 potions of might
 e - a potion of invisibility {unknown}
 j - a potion of brilliance {unknown}


   Skills:
 + Level 4.2 Fighting
 + Level 3.4 Long Blades
 + Level 4.2 Armour
 + Level 4.0 Shields


You had 2 spell levels left.
You didn't know any spells.
Your spell library contained the following spells:

 Spells                   Type           Power      Damage    Failure   Level
 Freeze                   Ice            0%         1d3       100%        1
 Frozen Ramparts          Ice            0%         1d2       100%        3
 Hailstorm                Conj/Ice       0%         3d3       100%        4


Dungeon Overview and Level Annotations

Branches:
Dungeon (3/15)

Altars:
Trog

Annotations:
D:2 1 runed translucent door, Crazy Yiuf


Innate Abilities, Weirdness & Mutations

You have a pair of horns on your head.
You reflexively headbutt those who attack you in melee.


Message History

An orc, an orc wizard, an orc priest and a frilled lizard come into view.
Found 27 stones and 19 gold pieces.
Found a stone staircase leading up.
The orc shouts!
The orc wizard shouts!
The orc priest shouts!
The frilled lizard hisses angrily.
The orc priest looks braver for a moment.
There are monsters nearby!
There are monsters nearby!
There are monsters nearby!
The orc wizard gestures wildly while chanting.
The orc wizard flickers and vanishes!
Deactivating autopickup; reactivate with Ctrl-A.
The orc priest begins to cast a cantrip, but forgets the words!
You hit the orc priest but do no damage.
The orc priest calls down the wrath of Beogh upon you.
You barely resist. You closely miss the orc priest.
You block the orc priest's attack.
You slash the orc!
You kill the orc!
You hit the orc priest but do no damage.
The orc priest barely misses you.
You barely miss the orc priest.
The orc priest hits you but does no damage.
You hit the orc priest but do no damage.
The orc priest barely misses you.
You hit the orc priest but do no damage.
The orc priest invokes the aid of Beogh against you.
Pain shoots through your body!
The orc priest calls down the wrath of Beogh upon you.
Beogh smites you!
You hit the orc priest.
The orc priest is heavily wounded.
The orc priest hits you but does no damage.
You slash the orc priest! Your headbutt misses the orc priest.
The orc priest is almost dead.
The orc priest hits you but does no damage.
You hit the orc priest but do no damage.
The orc priest is almost dead.
The orc priest mumbles some strange prayers to Beogh against you.
Beogh smites you!
You die...

#...#. .#....$ ....#
....... ###...## .......
......##### .......
#.........### .......
#............
.......#######............
......l{o@..##..(.........
.......####.......>....#
......( ####.).......#
<...... #..).<....#
.....o. #.........#
#....o. #.........#
....... ###########
#......


You could see an orc priest and a frilled lizard.

Vanquished Creatures
  4 orcs
  7 ball pythons (D:1)
  2 bats (D:2)
  6 endoplasms
  3 giant cockroaches
  5 goblins
  3 hobgoblins
  2 quokkas (D:1)
  4 frilled lizards
  3 kobolds
  3 rats (D:1)
42 creatures vanquished.

Notes
Turn   | Place    | Note
-------+----------+-------------------------------------------
     0 | D:1      | Peloso the Minotaur Fighter began the quest for the Orb.
     0 | D:1      | Reached XP level 1. HP: 19/19 MP: 0/0
   327 | D:1      | Reached XP level 2. HP: 27/27 MP: 1/1
   871 | D:1      | Reached XP level 3. HP: 33/33 MP: 2/2
  1001 | D:2      | Found a runed translucent door.
  1002 | D:2      | Noticed Crazy Yiuf
  1114 | D:2      | Found a faded altar of an unknown god.
  1470 | D:2      | Found a bloodstained altar of Trog.
  1889 | D:3      | Killed from afar by an orc priest

Illustrated notes

Levels and vault maps discovered:
D:1:      roderic_octagonal_star, layout_loops_ring
D:2:      layout_loops_ring, basic_altar, ebering_ecumenical_altar_petrified,
          kennysheep_donut, uniq_crazy_yiuf_cottage
D:3:      layout_rooms, pdpol_wu_jian_five_deadly_venoms, minmay_checkerbox

Skill      XL: |  1  2  3 |
---------------+----------+-----
Fighting       | 4 |  4.2
Armour         | 4 |  4.2
Long Blades    | 3 |  3.4
Shields        | 4 |  4.0

Action                   || total
-------------------------++-------
Melee: Long sword        ||    93
       Headbutt          ||     5
  Use: Scroll            ||     3
Armor: Scale mail        ||    32
       Chain mail        ||    20
Dodge: Dodged            ||    33
Block: Buckler           ||    16
